 Dungeon Crawl Stone Soup version 0.29.0-11-gd7f09526c8 (webtiles) character file.

Game seed: 5655617735131605446

6458 mtoz the Fighter (level 11, -2/71 HPs)
             Began as a Gargoyle Berserker on Sept 4, 2022.
             Was a Priest of Trog.
             Slain by a hornet (7 damage)
             ... on level 1 of the Lair of Beasts.
             The game lasted 00:24:32 (9031 turns).

mtoz the Fighter (Gargoyle Berserker)               Turns: 9031, Time: 00:24:33

Health: -2/71      AC: 29    Str: 24    XL:     11   Next: 0%
Magic:  11/11      EV:  9    Int:  9    God:    Trog [***...]
Gold:   511        SH:  0    Dex:  9    Spells: 10/10 levels left

rFire   + . .      SeeInvis +   j - +0 morningstar
rCold   + . .      Faith    .   (no shield)
rNeg    + . .      Spirit   .   q - +0 plate armour
rPois   ∞          Reflect  .   (no helmet)
rElec   +          Harm     .   r - +0 cloak
rCorr   .          Rampage  .   (no gloves)
Will    .....                   n - +0 pair of boots
Stlth   ..........              (no amulet)
HPRegen 0.21/turn               o - ring "Jixehow" {rF+ rC+ SInv}
MPRegen 0.12/turn               B - +4 ring of protection

@: on berserk cooldown, slowed, very slow
A: sickness immunity, AC +8, negative energy resistance 1, electricity
resistance, torment resistance 1, petrification resistance
a: Renounce Religion, Berserk, Trog's Hand


You were on level 1 of the Lair of Beasts.
You worshipped Trog.
Trog was most pleased with you.
You visited 3 branches of the dungeon, and saw 11 of its levels.

You collected 511 gold pieces.

Inventory:

Hand Weapons
 f - a +3 quarterstaff of chaos
 j - a +0 morningstar (weapon)
Armour
 n - a +0 pair of boots (worn)
 q - a +0 plate armour (worn)
 r - a +0 cloak (worn)
Jewellery
 o - the ring "Jixehow" (left hand) {rF+ rC+ SInv}
   (You took it off an orc on level 4 of the Dungeon)

   [ring of protection from cold]

   rF:        It protects you from fire.
   rC:        It protects you from cold.
   SInv:      It lets you see invisible.
 u - a ring of see invisible
 B - a +4 ring of protection (right hand)
 G - a +6 ring of dexterity
Wands
 l - a wand of mindburst (9)
 p - a wand of polymorph (16)
Scrolls
 a - 6 scrolls of identify {unknown}
 b - 2 scrolls of fog {unknown}
 c - a scroll of amnesia {unknown}
 d - 3 scrolls of magic mapping
 e - 2 scrolls of teleportation
 m - 2 scrolls of poison {unknown}
 t - 2 scrolls of fear {unknown}
 v - a scroll of immolation {unknown}
 y - a scroll of enchant weapon {unknown}
 D - 2 scrolls of vulnerability {unknown}
Potions
 g - a potion of berserk rage {unknown}
 h - 2 potions of brilliance {unknown}
 i - 2 potions of magic {unknown}
 k - 3 potions of curing {unknown}
 s - a potion of might
 w - a potion of resistance {unknown}
 x - 2 potions of ambrosia {unknown}
 z - 4 potions of heal wounds {unknown}
 A - 2 potions of mutation {unknown}
 C - a potion of flight {unknown}
 E - a potion of attraction {unknown}
 F - a potion of haste {unknown}


   Skills:
 + Level 9.6 Fighting
 + Level 8.7 Maces & Flails
 + Level 9.2 Armour
 + Level 7.0 Dodging


You had 10 spell levels left.
You didn't know any spells.
Your spell library was empty.

Dungeon Overview and Level Annotations

Branches:
Dungeon (9/15)             Temple (0/1) D:5            Lair (1/5) D:9
    Orc (1/2) D:9

Altars:
Cheibriados
Dithmenos
Fedhas
Gozag
Makhleb
Okawaru
Qazlal
Ru
Uskayaw
Wu Jian
Xom
Zin

Shops:
D:1 (   D:3 :   D:5 *


Innate Abilities, Weirdness & Mutations

You are immune to sickness and miasma.
Your stone body is resilient. (AC +8)
You are immune to poison.
You resist negative energy. (rN+)
You are resistant to electric shocks. (rElec)
You are resistant to unholy torment.
You are immune to petrification.


Message History

The hornet is lightly wounded.
You are no longer berserk.
You are exhausted.
You feel yourself slow down.
The hornet stings you but does no damage.
You hit the hornet but do no damage.
The hornet is lightly wounded.
The hornet closely misses you.
The hornet stings you but does no damage. x2
The hornet barely misses you.
The hornet stings the plant!
The plant begins to die.
The plant is poisoned.
The hornet stings you but does no damage.
The hornet stings the plant.
A nearby plant withers and dies.
The hornet stings you but does no damage.
The hornet closely misses you. The hornet attacks as you move away!
The hornet stings you!
The hornet stings you but does no damage.
The hornet closely misses you.
The hornet stings you but does no damage.
The hornet stings you. The hornet attacks as you move away!
The hornet barely misses you. x2
The hornet attacks as you move away!
The hornet stings you but does no damage.
You enter the shallow water.
Moving in this stuff is going to be slow.
The hornet stings you. The hornet closely misses you.
The hornet barely misses you.
The hornet stings you but does no damage. x2
The hornet barely misses you.
The hornet stings you but does no damage.
The hornet attacks as you move away!
The hornet stings you but does no damage. x2
The hornet stings you!
* * * LOW HITPOINT WARNING * * *
The hornet closely misses you. The hornet stings you!
* * * LOW HITPOINT WARNING * * *
The hornet stings you but does no damage. x3
The hornet stings you!
You die...

#P.#...... . .
#P...~.~.##.#.
.P#.~~~~≈~~.#...
...~~≈≈≈~≈~~..#
...~≈≈~≈≈≈≈~~~#
...~≈≈~~~≈≈≈~~#
#.~~≈~.<~≈≈≈~P#
#.~≈≈≈~..~≈~.##
#..~~≈≈~@y~~.#
#..~~~≈≈yy≈~.#
#.#.~~~~~~~~.# .
##.~.~.....#
#.####.#.## #.
###..# # . #.##
#.. . #.# #..#
##.###..#


You could see 3 hornets.

Vanquished Creatures
  Pikel (D:5)
  4 hornets (Lair:1)
  A shadow (D:6)
  Sigmund (D:3)
  3 wyverns (D:9)
  4 yaks (D:9)
  2 basilisks (D:9)
  A steam dragon (D:9)
  Menkaure (D:7)
  An acid dragon (D:8)
  Edmund (D:6)
  5 water moccasins
  3 orc warriors
  A black bear (D:4)
  An ice beast (D:7)
  A sky beast (D:6)
  4 centaurs
  2 kobold brigands
  4 necrophages
  A bullfrog (D:9)
  4 scorpions
  5 wights
  3 killer bees (D:9)
  3 hounds
  A gnoll bouda (D:5)
  6 orc priests
  Crazy Yiuf (D:4)
  5 orc wizards
  13 adders
  8 gnolls
  2 ufetubi (D:5)
  2 worms
  3 dart slugs
  22 orcs
  12 endoplasms
  6 giant cockroaches
  6 hobgoblins
  5 jackals
  16 kobolds
  4 quokkas
  5 ball pythons
  4 bats
  A frilled lizard (D:1)
  5 goblins
  2 rats
186 creatures vanquished.

Vanquished Creatures (others)
  3 fungi (D:9)
  12 plants
15 creatures vanquished.

Grand Total: 201 creatures vanquished

Notes
Turn   | Place    | Note
-------+----------+-------------------------------------------
     0 | D:1      | mtoz the Gargoyle Berserker began the quest for the Orb.
     0 | D:1      | Reached XP level 1. HP: 14/14 MP: 1/1
   503 | D:1      | Reached XP level 2. HP: 19/19 MP: 2/2
   851 | D:1      | Found Eritiep's Antique Weapon Emporium.
  1168 | D:2      | Reached XP level 3. HP: 20/23 MP: 3/3
  1723 | D:2      | Reached XP level 4. HP: 26/29 MP: 4/4
  1725 | D:2      | Reached ** piety under Trog
  2277 | D:3      | Identified the +3 ring mail of Ophetroj {rF+ Str+4 Slay-6
                  | Stlth+}
  2397 | D:3      | Reached XP level 5. HP: 32/33 MP: 5/5
  2412 | D:3      | Noticed Sigmund
  2423 | D:3      | Killed Sigmund
  2424 | D:3      | Reached XP level 6. HP: 39/39 MP: 6/6
  2455 | D:3      | Found a blossoming altar of Fedhas.
  2906 | D:3      | Found Sinwobaz's Book Shoppe.
  3076 | D:4      | Noticed an orc warrior
  3077 | D:4      | Identified the ring "Jixehow" {rF+ rC+ SInv}
  3099 | D:4      | Killed an orc warrior
  3154 | D:4      | Reached skill level 5 in Fighting
  3162 | D:4      | Reached XP level 7. HP: 10/44 MP: 7/7
  3485 | D:4      | Found a runed translucent door.
  3486 | D:4      | Noticed Crazy Yiuf
  3494 | D:4      | Killed Crazy Yiuf
  4099 | D:5      | Entered Level 5 of the Dungeon
  4110 | D:5      | Reached skill level 5 in Maces & Flails
  4132 | D:5      | Reached skill level 5 in Armour
  4257 | D:5      | Reached XP level 8. HP: 32/51 MP: 8/8
  4537 | D:5      | Noticed Pikel
  4556 | D:5      | Killed Pikel
  4857 | D:5      | Identified the +4 ring mail of Nyck {rF+}
  4863 | D:5      | Found Mirhaew's CLEARANCE SALE!.
  4869 | D:5      | Reached XP level 9. HP: 52/56 MP: 9/9
  4905 | D:5      | Found an iron altar of Okawaru.
  4940 | D:5      | Found a staircase to the Ecumenical Temple.
  5109 | D:6      | Found a shadowy altar of Dithmenos.
  5109 | D:6      | Noticed Edmund
  5117 | D:6      | Killed Edmund
  5118 | D:6      | Reached skill level 5 in Dodging
  5773 | D:6      | Found a burning altar of Makhleb.
  6015 | D:7      | Found a sacrificial altar of Ru.
  6249 | D:7      | Noticed Menkaure
  6257 | D:7      | Killed Menkaure
  6545 | D:7      | Found an ornate altar of the Wu Jian Council.
  6842 | D:8      | Reached XP level 10. HP: 58/64 MP: 10/10
  7133 | D:8      | Found a glowing silver altar of Zin.
  7133 | D:8      | Found a hide-covered altar of Uskayaw.
  7310 | D:8      | Identified the +2 whip of Ragnarok {venom, Contam rN++
                  | Int+2}
  7390 | D:8      | Reached *** piety under Trog
  8023 | D:9      | Found a shimmering altar of Xom.
  8026 | D:9      | Found a stormy altar of Qazlal.
  8026 | D:9      | Found an opulent altar of Gozag.
  8149 | D:9      | Found a snail-covered altar of Cheibriados.
  8489 | D:9      | Found a staircase to the Orcish Mines.
  8499 | Orc:1    | Entered Level 1 of the Orcish Mines
  8651 | D:9      | Found a staircase to the Lair.
  8973 | Lair:1   | Entered Level 1 of the Lair of Beasts
  9017 | Lair:1   | Reached XP level 11. HP: 56/71 MP: 11/11
  9031 | Lair:1   | Slain by a hornet

Illustrated notes

Levels and vault maps discovered:
D:1:      dpeg_arrival_boxorama, layout_basic, serial_shops, shop
D:2:      layout_rooms, hangedman_feature_mirror, minmay_pentomino_v4
D:3:      layout_basic, lemuel_crystal_altar, serial_shops,
          nicolae_shop_window_shopping, uniq_sigmund
D:4:      layout_rooms, uniq_crazy_yiuf_cottage
D:5:      layout_basic, okawaru_metal_pillars_1_2, minmay_temple_entry_hall,
          abandoned_shop, nicolae_shop_clearance, uniq_pikel
D:6:      layout_loops_cross, lemuel_tele_altar, nicolae_dithmenos_the_darkroom,
          uniq_edmund
D:7:      layout_basic, kennysheep_mini, kennysheep_mini_moat, uniq_menkaure
D:8:      layout_rooms, jmf_multi_god_temple
D:9:      layout_long_grid, mainiacjoe_overflow_small_starburst,
          grunt_temple_overflow_open, minmay_lair_entry_grove, orc_0_dummy
Lair:1:   layout_loops_ring, eino_small_chamber_without_monster,
          fungi_pond_lemuel, st_stairs_7, dreamdust_wasp_nest,
          lemuel_fruit_tree, infiniplex_staircase_pool_2
Orc:1:    layout_diamond_mine, serial_shops, shop, basic_altar

Skill      XL: |  1  2  3  4  5  6  7  8  9 10 |
---------------+-------------------------------+-----
Dodging        | 2 3 4 5 7 |  7.0
Armour         | 3 4 5 6 7 9 |  9.2
Fighting       | 4 5 6 8 9 |  9.6
Maces & Flails | 4 5 6 7 8 |  8.7

Action                   |  1- 3 |  4- 6 |  7- 9 | 10-12 || total
-------------------------+-------+-------+-------+-------++-------
Melee: Mace              |    91 |       |       |       ||    91
       Punch             |     1 |     1 |     7 |     4 ||    13
       Morningstar       |     6 |   119 |   358 |   241 ||   724
       Unarmed           |       |    14 |       |       ||    14
Invok: Berserk           |     2 |     3 |     4 |     3 ||    12
       Trog's Hand       |       |     4 |     8 |     7 ||    19
Evoke: Wand              |       |       |       |     4 ||     4
  Use: Scroll            |       |     2 |     1 |     1 ||     4
Armor: Animal skin       |    18 |       |       |       ||    18
       Scale mail        |    48 |    72 |       |       ||   120
       Plate armour      |       |    52 |   351 |   258 ||   661
       Skin              |       |     1 |       |       ||     1
Dodge: Dodged            |    60 |    98 |   173 |   172 ||   503
